 Dungeon Crawl Stone Soup version 0.27.1-33-g824d729ab1 (webtiles) character file.

Game seed: 12243711084188279654

449 dolemite99 the Chopper (level 6, 0/44 HPs)
             Began as a Demonspawn Gladiator on Dec 31, 2021.
             Was an Initiate of Hepliaklqana.
             Succumbed to a killer bee's poison
             ... on level 4 of the Dungeon.
             The game lasted 00:05:01 (4655 turns).

dolemite99 the Chopper (Demonspawn Gladiator)       Turns: 4655, Time: 00:05:02

Health: 0/44       AC: 10    Str: 17    XL:     6   Next: 74%
Magic:  6/6        EV:  7    Int:  9    God:    Hepliaklqana [......]
Gold:   191        SH:  0    Dex: 14    Spells: 5/5 levels left

rFire    . . .     SeeInvis .   w - +1 hand axe (freeze)
rCold    . . .     Faith    .   (no shield)
rNeg     . . .     Spirit   .   s - +0 chain mail
rPois    .         Reflect  .   i - +0 helmet of Inaction {Stlth+}
rElec    .         Harm     .   (no cloak)
rCorr    .         Rampage  .   p - +0 pair of gloves
Will     .....                  (no boots)
Stlth    ..........             e - amulet of magic regeneration
HPRegen  1.14/turn              (no ring)
MPRegen  0.35/turn              (no ring)

@: lethally poisoned (0 -> -2), very slightly contaminated, invisible
A: hooves 1, powered by death 1
a: Renounce Religion


You were on level 4 of the Dungeon.
You worshipped Hepliaklqana.
Hepliaklqana was noncommittal.
You visited 2 branches of the dungeon, and saw 6 of its levels.

You collected 191 gold pieces.

Inventory:

Hand Weapons
 a - a +0 war axe
 n - a +3 hand axe
 w - a +1 hand axe of freezing (weapon)
 y - a +1 flail of protection
 z - the +7 dagger of a bazaar {vorpal, Drain rC+ Int+4 Stlth+}
   (You found it on level 4 of the Dungeon)

   It inflicts extra damage upon your enemies.
   Int:       It affects your intelligence (+4).
   rC:        It protects you from cold.
   Drain:     It drains your maximum health when unequipped.
   Stlth:     It makes you more stealthy.
Missiles
 d - 3 throwing nets
 f - 107 stones
 h - 4 boomerangs
 k - 40 poisoned darts
 x - a javelin (quivered)
Armour
 b - a +0 leather armour
 i - the +0 helmet of Inaction (worn) {Stlth+}
   (You found it on level 4 of the Dungeon)

   Stlth:     It makes you more stealthy.
 j - +0 ice dragon scales
 p - a +0 pair of gloves (worn)
 s - a +0 chain mail (worn)
Jewellery
 e - an amulet of magic regeneration (around neck)
Scrolls
 g - 2 scrolls of identify {unknown}
 l - a scroll of enchant armour {unknown}
 m - 2 scrolls of magic mapping {unknown}
 o - a scroll of noise {unknown}
 r - a scroll of blinking {unknown}
 u - a scroll of enchant weapon {unknown}
 v - a scroll of teleportation {unknown}
Potions
 c - a potion of flight {unknown}
 A - a potion of lignification {unknown}


   Skills:
 - Level 2.0 Fighting
 + Level 7.0 Axes
 - Level 1.7 Throwing
 - Level 2.6 Dodging


You had 5 spell levels left.
You didn't know any spells.
Your spell library contained the following spells:

 Spells                   Type           Power      Damage    Failure   Level
 Call Canine Familiar     Summ           0%         N/A       100%        3
 Portal Projectile        Hex/Tloc       0%         N/A       100%        3
 Leda's Liquefaction      Hex/Erth       0%         N/A       100%        4


Dungeon Overview and Level Annotations

Branches:
Dungeon (5/15)             Temple (1/1) D:4

Altars:
Ashenzari
Cheibriados
Dithmenos
Elyvilon
Hepliaklqana
Kikubaaqudgha
Makhleb
Nemelex Xobeh
Qazlal
Ru
Sif Muna
Trog
Vehumet
Wu Jian
Xom
Yredelemnul
Zin
The Shining One


Innate Abilities, Weirdness & Mutations

You have large cloven feet.
You regenerate a little health from kills.


Message History

You are no longer poisoned.
The killer bee stings you. x2
* * * LOW HITPOINT WARNING * * *
The killer bee stings you!
* * * LOW HITPOINT WARNING * * *
The killer bee stings you but does no damage.
You feel better. The killer bee closely misses you. The killer bee stings you.
* * * LOW HITPOINT WARNING * * *
The killer bee completely misses you.
The killer bee stings you but does no damage.
You completely miss the killer bee.
The killer bee is almost dead.
You hit the killer bee. You freeze the killer bee.
The killer bee stings you but does no damage.
The killer bee stings you.
* * * LOW HITPOINT WARNING * * *
The killer bee barely misses you. x2
You miss the killer bee.
The killer bee is almost dead.
You completely miss the killer bee. The killer bee completely misses you.
The killer bee barely misses you. The killer bee closely misses you.
The killer bee stings you but does no damage.
You slash the killer bee! You freeze the killer bee.
You kill the killer bee!
You barely miss the killer bee. The killer bee stings you.
* * * LOW HITPOINT WARNING * * *
The killer bee barely misses you.
Your Axes skill increases to level 7!
It was a potion of invisibility.
You fade into invisibility!
The killer bee stings you but does no damage. x2
You are very lightly contaminated with residual magic.
You hit the killer bee but do no damage.
Your kick misses the killer bee.
The killer bee is almost dead.
The killer bee stings you.
* * * LOW HITPOINT WARNING * * *
You are lethally poisoned!
The killer bee poisons you! The killer bee barely misses you.
You die...

..# #..# #.# ..# #..# #.#
..####..# #.# ........# #.#
.#####.## #.# .#####.#### #.#
..........########.#
.#####.............##############
## ####.....y>@................
#########################


You could see a killer bee.

Vanquished Creatures
  An ogre (D:3)
  A scorpion (D:4)
  A killer bee (D:4)
  An orc priest (D:3)
  An iguana (D:4)
  An orc wizard (D:4)
  5 adders
  An ufetubus (D:4)
  An adder skeleton (D:4)
  3 worms (D:2)
  4 dart slugs
  16 orcs
  3 ball pythons (D:4)
  4 bats
  10 endoplasms
  6 giant cockroaches
  7 goblins
  5 hobgoblins
  11 jackals (D:1)
  5 quokkas
  5 kobolds
  9 rats
101 creatures vanquished.

Notes
Turn   | Place    | Note
-------+----------+-------------------------------------------
     0 | D:1      | dolemite99 the Demonspawn Gladiator began the quest for the
                  | Orb.
     0 | D:1      | Reached XP level 1. HP: 16/16 MP: 1/1
   335 | D:1      | Reached skill level 3 in Axes
   503 | D:1      | Gained mutation: You regenerate a little health from kills.
                  | [demonic ancestry]
   503 | D:1      | Reached XP level 2. HP: 18/22 MP: 2/2
  1216 | D:1      | Reached XP level 3. HP: 27/27 MP: 3/3
  1425 | D:1      | Reached skill level 4 in Axes
  1934 | D:2      | Gained mutation: You have large cloven feet. [demonic
                  | ancestry]
  1934 | D:2      | Reached XP level 4. HP: 33/33 MP: 4/4
  2167 | D:3      | Reached skill level 5 in Axes
  2167 | D:3      | Reached XP level 5. HP: 9/38 MP: 5/5
  2332 | D:3      | Found a radiant altar of Vehumet.
  2408 | D:3      | Noticed an ogre
  2415 | D:3      | Killed an ogre
  2416 | D:3      | Reached skill level 6 in Axes
  2917 | D:3      | Found a faded altar of an unknown god.
  2959 | D:3      | Found an ancient bone altar of Kikubaaqudgha.
  3209 | D:4      | Reached XP level 6. HP: 30/44 MP: 6/6
  3233 | D:4      | Identified the +0 helmet of Inaction {Stlth+}
  3895 | D:4      | Identified the +7 dagger of a bazaar {vorpal, Drain rC+
                  | Int+4 Stlth+}
  4180 | D:4      | Found a staircase to the Ecumenical Temple.
  4184 | Temple   | Entered the Ecumenical Temple
  4402 | Temple   | Became a worshipper of Hepliaklqana the Forgotten
  4639 | D:5      | Entered Level 5 of the Dungeon
  4650 | D:4      | HP: 1/44 [killer bee (5)]
  4653 | D:4      | Reached skill level 7 in Axes
  4655 | D:4      | Succumbed to a killer bee's poison

Illustrated notes

Levels and vault maps discovered:
D:1:      dpeg_chamrin_arrival_tetris, layout_loops_corners
D:2:      layout_rooms
D:3:      layout_rooms, mainiacjoe_overflow_alcove_4, vehumet_crystals,
          shapermc_ecumenical_altar_ellora, minmay_misc_feat_tiny
D:4:      layout_loops_ring, lemuel_tele_altar,
          minmay_temple_entry_glassed_door, kennysheep_flooded_box,
          kennysheep_generic_room_4
D:5:      layout_loops_cross, serial_shops, shop_fountains,
          kennysheep_little_box, kennysheep_mini_moat, st_stairs_7
Temple:   regret_index_temple_generic_petals

Skill      XL: |  1  2  3  4  5  6 |
---------------+-------------------+-----
Axes           | 3 4 5 6 7 |  7.0
Fighting       | |  2.0
Throwing       | |  1.7
Dodging        | |  2.6

Action                   |  1- 3 |  4- 6 || total
-------------------------+-------+-------++-------
Melee: War axe           |   111 |     1 ||   112
       Hand axe          |       |   114 ||   114
       Kick              |       |    23 ||    23
Throw: Javelin           |    21 |    31 ||    52
       Boomerang         |       |     4 ||     4
  Use: Potion            |       |     4 ||     4
Armor: Leather armour    |    40 |       ||    40
       Ice dragon scales |     3 |    45 ||    48
       Chain mail        |       |    54 ||    54
Dodge: Dodged            |    87 |    72 ||   159
